AoeStats
← Keyso0924

Black Forest

509636501Analyzed
3v3 RM · 4d ago on Sep 27, 2026· 59m 17s· 6 players
Game mode
Random Map
Map size
Normal (6 player)
Population
200
Speed
Normal
Resources
Standard
Victory
Conquest
Starting age
Dark Age
Ending age
Imperial Age
RankedLock teamsTeams togetherTeam positionsShared explorationLock speedFull tech treeHidden civsTurbo modeCheats
Victory
Defeat
🇨🇱 Chinese · Chile
1191
+17
🇺🇸 Celts · United States
1164
+17
🇨🇳 Lithuanians · China
1151
+18
🇹🇼 Danes · Taiwan
1349
-24
🇹🇼 Bohemians · Taiwan
1151
-15
🇮🇩 Romans · Indonesia
1100
-13
9527
0:30 Loom
11:03 Feudal Age
13:59 Double-Bit Axe
16:27 Castle Age
14:42 Stone Mining
14:55 Horse Collar
16:25 Gold Mining
20:48 Bow Saw
24:01 Wheelbarrow
29:25 Imperial Age
27:24 Heavy Plow
27:55 Bloodlines
28:00 Scale Barding Armor
30:02 Husbandry
30:15 Forging
30:54 Chain Barding Armor
31:34 Conscription
32:54 Plate Barding Armor
32:56 Iron Casting
33:43 Two-Man Saw
33:24 Caravan
34:09 Stone Shaft Mining
35:21 Ballistics
36:02 Chemistry
35:24 Ballistics
35:46 Crop Rotation
35:19 Light Cavalry
36:53 Coinage
36:33 Guilds
36:56 Hand Cart
36:56 Fletching
36:29 Winged Hussar
40:04 Elite Leitis
42:05 Bodkin Arrow
42:25 Masonry
43:38 Bracer
43:39 Padded Archer Armor
45:48 Leather Archer Armor
45:46 Hill Forts
48:16 Murder Holes
48:53 Architecture
56:04 Pikeman
56:45 Squires
56:30 Arson
57:19 Ring Archer Armor
56:50 Scale Mail Armor
59:10 Halberdier
Agency
1:04 Loom
13:02 Feudal Age
17:19 Castle Age
15:30 Double-Bit Axe
18:23 Bow Saw
20:41 Horse Collar
25:24 Wheelbarrow
26:14 Gold Mining
30:28 Imperial Age
28:30 Stone Mining
29:19 Gold Shaft Mining
28:45 Town Watch
29:23 Hand Cart
31:10 Ballistics
30:32 Capped Ram
30:46 Onager
32:29 Chemistry
31:33 Heavy Plow
31:38 Caravan
31:32 Heavy Scorpion
34:36 Conscription
34:35 Furor Celtica
34:27 Fletching
36:41 Siege Engineers
38:03 Town Patrol
38:04 Scale Mail Armor
38:15 Forging
37:28 Siege Onager
38:26 Masonry
39:34 Hoardings
39:54 Elite Woad Raider
40:26 Stronghold
41:59 Chain Mail Armor
42:20 Iron Casting
43:00 Bodkin Arrow
43:36 Plate Mail Armor
44:52 Coinage
44:33 Guilds
47:44 Blast Furnace
51:23 Banking
53:15 Gambesons
55:07 Capped Ram
Murderer Potato
0:31 Loom
10:47 Feudal Age
15:32 Castle Age
14:03 Double-Bit Axe
14:45 Stone Mining
16:35 Bow Saw
21:51 Bow Saw
22:34 Gold Mining
23:13 Fletching
24:53 Gold Shaft Mining
25:05 Stone Shaft Mining
24:33 Horse Collar
25:59 Wheelbarrow
26:26 Ballistics
26:38 Bodkin Arrow
26:44 Padded Archer Armor
27:29 Hand Cart
30:59 Imperial Age
29:27 Leather Archer Armor
29:48 Thumb Ring
29:49 Heavy Plow
31:34 Caravan
31:48 Bracer
32:40 Ring Archer Armor
33:34 Chemistry
35:44 Conscription
34:45 Elite Chu Ko Nu
36:05 Murder Holes
37:16 Two-Man Saw
37:41 Forging
37:36 Scale Barding Armor
41:05 Iron Casting
40:51 Chain Barding Armor
40:52 Bloodlines
40:43 Husbandry
40:03 Light Cavalry
42:18 Rocketry
46:23 Bombard Tower
47:08 Great Wall
51:08 Blast Furnace
50:44 Plate Barding Armor
哆啦A夢
0:37 Loom
10:42 Feudal Age
19:17 Castle Age
20:54 Double-Bit Axe
21:43 Fishing Lines
22:20 Fortified Wall
24:03 Murder Holes
26:04 Gillnets
27:38 Wheelbarrow
28:46 Bow Saw
32:27 Imperial Age
29:54 Horse Collar
31:10 Hand Cart
35:07 Light Cavalry
35:57 Bloodlines
35:48 Husbandry
36:18 Scale Barding Armor
36:23 Forging
36:37 Conscription
35:51 Cavalier
37:43 Heavy Plow
38:29 Chain Barding Armor
38:27 Cavalier
39:52 Plate Barding Armor
39:53 Iron Casting
39:05 Heavy Scorpion
42:27 Caravan
44:49 Blast Furnace
45:13 Chemistry
44:34 Ballistics
44:49 Town Watch
45:28 Ballistas
45:36 Gold Mining
47:03 Crop Rotation
48:04 Town Patrol
49:04 Scale Mail Armor
stevenmin830605
0:45 Loom
10:20 Feudal Age
10:59 Horse Collar
11:05 Double-Bit Axe
11:59 Wheelbarrow
17:18 Castle Age
15:47 Gold Mining
16:19 Stone Mining
18:19 Bow Saw
18:10 Heavy Plow
20:47 Hand Cart
26:34 Town Watch
29:55 Imperial Age
30:43 Forging
30:26 Fletching
30:42 Town Patrol
31:21 Gold Shaft Mining
31:25 Stone Shaft Mining
31:03 Gambesons
31:18 Squires
32:29 Conscription
31:31 Heavy Scorpion
33:30 Chemistry
32:52 Ballistics
34:28 Masonry
33:57 Hamask
34:34 Bodkin Arrow
35:30 Siege Engineers
35:27 Northmen's Fury
37:16 Hoardings
36:33 Onager
37:25 Arrowslits
37:36 Murder Holes
37:45 Scale Mail Armor
38:32 Caravan
38:42 Siege Onager
39:27 Arson
39:46 Bracer
39:47 Padded Archer Armor
40:46 Chain Mail Armor
40:09 Pikeman
42:43 Leather Archer Armor
43:03 Iron Casting
42:59 Plate Mail Armor
43:35 Guard Tower
43:17 Halberdier
45:30 Keep
47:32 Blast Furnace
47:02 Ring Archer Armor
Keyso0924
0:31 Loom
12:50 Feudal Age
21:25 Castle Age
20:21 Double-Bit Axe
22:40 Town Watch
27:12 Wheelbarrow
28:27 Fortified Wall
28:13 Horse Collar
34:29 Imperial Age
32:44 Fletching
33:57 Chemistry
33:38 Hand Cart
34:24 Bodkin Arrow
35:45 Town Patrol
36:59 Bow Saw
38:07 Siege Engineers
38:58 Conscription
40:38 Bracer
44:46 Two-Man Saw
43:47 Heavy Plow
44:03 Heavy Scorpion
44:13 Houfnice
45:29 Forging
45:20 Scale Mail Armor
48:45 Iron Casting
48:25 Chain Mail Armor
48:18 Wagenburg Tactics
48:35 Masonry
49:29 Caravan
50:13 Fervor
50:33 Squires
49:53 Pikeman
51:51 Blast Furnace
51:21 Plate Mail Armor
50:39 Halberdier
Connection lost

Rejoining the realm…

Still unreachable

The connection could not be restored.

Session expired

The server has moved on; the page needs a fresh start.